 Dungeon Crawl Stone Soup version 0.27.1-37-g7b29ead8ac (webtiles) character file.

Game seed: 17811635025554826126

10485 tkbsonic5 the Basher (level 11, -7/69 HPs)
             Began as a Gargoyle Monk on Oct 23, 2023.
             Was a Follower of Elyvilon.
             Mangled by a manticore (17 damage)
             ... on level 13 of the Dungeon.
             The game lasted 00:32:06 (14345 turns).

tkbsonic5 the Basher (Gargoyle Monk)               Turns: 14345, Time: 00:32:07

Health: -7/69      AC: 18    Str: 18    XL:     11   Next: 62%
Magic:  11/11      EV:  6    Int: 11    God:    Elyvilon [*.....]
Gold:   62         SH: 16    Dex: 12    Spells: 10/10 levels left

rFire    + + .     SeeInvis .   j - +5 whip (holy) {June's Whip (++6,10)}
rCold    + . .     Faith    .   d - +0 tower shield
rNeg     + . .     Spirit   .   x - +0 plate armour
rPois    ∞         Reflect  .   p - +0 helmet
rElec    +         Harm     .   r - scarf {rC+ rF+}
rCorr    .         Rampage  .   e - +2 pair of gloves
Will     .....                  (no boots)
Stlth    ..........             (no amulet)
HPRegen  0.21/turn              g - ring of protection from fire
MPRegen  0.12/turn              u - +4 ring of evasion

@: about to teleport, divinely protected, spiked, corroded, studying Maces &
Flails
A: sickness immunity, AC +8, negative energy resistance 1, electricity
resistance, torment resistance 1, petrification resistance
a: Renounce Religion, Lesser Healing, Divine Protection


You were on level 13 of the Dungeon.
You worshipped Elyvilon.
Elyvilon was aware of your devotion.
You visited 2 branches of the dungeon, and saw 13 of its levels.

You collected 441 gold pieces.
You spent 379 gold pieces at shops.

Inventory:

Hand Weapons
 a - a +0 mace
 j - a +5 whip of holy wrath (weapon) {June's Whip (++6,10)}
 l - a +0 whip of flaming
Missiles
 v - 42 poisoned darts (quivered)
 z - 5 boomerangs
Armour
 d - a +0 tower shield (worn)
 e - a +2 pair of gloves (worn)
 h - a +1 cloak
 p - a +0 helmet (worn)
 r - a scarf of resistance (worn)
 x - a +0 plate armour (worn)
Magical Staves
 f - a staff of earth
Jewellery
 g - a ring of protection from fire (left hand)
 u - a +4 ring of evasion (right hand)
 B - a ring of fire
Wands
 y - a wand of polymorph (3)
Scrolls
 i - 3 scrolls of identify
 q - a scroll of teleportation
 s - 2 scrolls of amnesia
 w - a scroll of magic mapping
Potions
 c - 4 potions of attraction
 m - 2 potions of flight
 t - a potion of ambrosia
 D - a potion of brilliance
 E - a potion of mutation


   Skills:
 + Level 8.9 Fighting
 * Level 11.8 Maces & Flails
 + Level 5.1 Throwing
 - Level 2.4 Dodging
 - Level 2.1 Stealth
 * Level 9.9 Shields
 * Level 5.7 Necromancy
 * Level 0.0 Invocations
 + Level 3.8 Evocations


You had 10 spell levels left.
You didn't know any spells.
Your spell library contained the following spells:

 Spells                   Type           Power      Damage    Failure   Level
 Animate Skeleton         Necr           24%        N/A       100%        1
 Apportation              Tloc           0%         N/A       100%        1
 Beastly Appendage        Tmut           0%         N/A       100%        1
 Corona                   Hex            0%         N/A       100%        1
 Pain                     Necr           48%        1d6       100%        1
 Summon Small Mammal      Summ           0%         N/A       100%        1
 Corpse Rot               Necr/Air       N/A        N/A       100%        2
 Passwall                 Tmut/Erth      0%         N/A       100%        2
 Poisonous Vapours        Pois/Air       0%         N/A       100%        2
 Wereblood                Tmut           0%         N/A       100%        2
 Dazzling Flash           Conj/Hex       0%         N/A       100%        3
 Spider Form              Tmut/Pois      0%         N/A       100%        3
 Stone Arrow              Conj/Erth      0%         3d7       100%        3
 Swiftness                Air            0%         N/A       100%        3
 Vampiric Draining        Necr           6%         2d6       100%        3
 Iskenderun's Mystic Bla  Conj/Tloc      0%         2d3       100%        4
 Bolt of Magma            Conj/Fire/Erth 0%         4d4       100%        5
 Freezing Cloud           Conj/Ice/Air   0%         6-21      100%        5
 Invisibility             Hex            0%         N/A       100%        6
 Starburst                Conj/Fire      0%         6d3       100%        6
 Chain Lightning          Conj/Air       0%         N/A       100%        9
 Fire Storm               Conj/Fire      0%         5d1       100%        9
 Shatter                  Erth           0%         3d5*      100%        9


Dungeon Overview and Level Annotations

Branches:
Dungeon (14/15)            Temple (1/1) D:6            Lair (0/6) D:9
    Orc: D:9-12      Vaults: D:13-14

Altars:
Ashenzari
Cheibriados
Dithmenos
Elyvilon
Fedhas
Gozag
Hepliaklqana
Kikubaaqudgha
Makhleb
Nemelex Xobeh
Okawaru
Qazlal
Ru
Sif Muna
Trog
Uskayaw
Vehumet
Wu Jian
Xom
Yredelemnul
Zin
The Shining One

Shops:
D:9 *   D:10 =


Innate Abilities, Weirdness & Mutations

You are immune to sickness and miasma.
Your stone body is resilient. (AC +8)
You are immune to poison.
You resist negative energy. (rN+)
You are resistant to electric shocks. (rElec)
You are resistant to unholy torment.
You are immune to petrification.


Message History

As you read the scroll of blinking, it crumbles to dust.
You feel better.
The manticore flicks its tail.
You block the volley of spikes.
You feel better.
The manticore flicks its tail.
The volley of spikes hits you!!
The barbed spikes become lodged in your body.
* * * LOW HITPOINT WARNING * * *
You fail to use your ability.
You fail to use your ability.
The manticore flicks its tail.
You block the volley of spikes.
You fail to use your ability.
The manticore flicks its tail.
The volley of spikes hits you!
The barbed spikes become lodged in your body.
* * * LOW HITPOINT WARNING * * *
You beseech Elyvilon to protect your life.
The manticore flicks its tail.
The volley of spikes hits you but does no damage.
The manticore flicks its tail.
The volley of spikes hits you!
The barbed spikes become lodged in your body.
Elyvilon protects you from harm!
You feel better.
You feel better. You block the manticore's attack.
The manticore claws you but does no damage.
The manticore claws you!
* * * LOW HITPOINT WARNING * * *
You hear Kikubaaqudgha cackling.
You smell decay.
Your body is wracked with pain!
* * * LOW HITPOINT WARNING * * *
The manticore convulses!
The dead are walking! 5 skeletons come into view.
As you read the scroll of teleportation, it crumbles to dust.
You feel strangely unstable.
The manticore is engulfed in dark miasma.
The manticore is poisoned.
The manticore bites you!
You die...

#..#.##.#.........
#.#)###...........
#)#(#....(.......#
####>(#............#
#..#..........(...##
#.#.#.Z#.........?.#
#.#.#.#.#...........#..c
####.#.#HZ..#..........c
#####@Z##............
#Z##...........c.c #.#
#Z...........c #.#
..........cc ## ...
......c# .. ......c. .
.......c ........
...T..T.


You could see a manticore (poisoned), a six-headed hydra skeleton, a gnoll
skeleton, an orc skeleton, a death knight skeleton and a wizard skeleton.

Vanquished Creatures
  Erolcha (D:8)
  2 boulder beetles (D:13)
  A two-headed ogre (D:9)
  A centaur warrior (D:13)
  A tengu warrior (D:13)
  Maggie (D:8)
  2 trolls (D:13)
  Grinder (D:4)
  2 boulder beetle zombies
  A vampire (D:9)
  A wraith (D:13)
  5 yaks
  4 steam dragons
  2 two-headed ogre zombies
  5 water moccasins
  2 tengu skeletons
  3 orc warriors
  2 ice beasts
  4 black bears
  2 ogres
  A necrophage (D:5)
  A manticore skeleton (D:7)
  7 centaurs
  2 kobold brigands
  4 bullfrogs
  4 scorpions (D:6)
  A cyclops zombie (D:10)
  A yaktaur skeleton (D:10)
  A water moccasin skeleton (D:5)
  A troll skeleton (D:8)
  2 howler monkeys
  A yak skeleton (D:7)
  5 centaur zombies
  5 centaur skeletons
  2 orc priests
  A bullfrog skeleton (D:7)
  3 hounds
  A basilisk skeleton (D:10)
  4 iguanas
  4 orc wizards
  A killer bee zombie (D:7)
  2 acid dragon zombies (D:8)
  A sky beast zombie (D:7)
  An ogre zombie (D:7)
  A kobold skeleton (D:8)
  A hound zombie (D:5)
  A hound skeleton (D:4)
  A howler monkey zombie (D:7)
  4 gnolls
  A howler monkey skeleton (D:6)
  10 adders
  A steam dragon skeleton (D:10)
  2 white imps
  A gnoll skeleton (D:8)
  An iguana skeleton (D:9)
  A worm (D:2)
  3 dart slugs
  19 orcs
  15 bats
  A bat zombie (D:7)
  5 endoplasms
  3 giant cockroaches
  4 goblins
  8 hobgoblins
  14 kobolds
  3 quokkas
  6 ball pythons
  3 frilled lizards
  A goblin skeleton (D:8)
  2 orc zombies
  A quokka skeleton (D:8)
  9 rats
221 creatures vanquished.

Vanquished Creatures (others)
  A water moccasin (D:8)
  43 fungi
  47 plants
91 creatures vanquished.

Grand Total: 312 creatures vanquished

Notes
Turn   | Place    | Note
-------+----------+-------------------------------------------
     0 | D:1      | tkbsonic5 the Gargoyle Monk began the quest for the Orb.
     0 | D:1      | Reached XP level 1. HP: 14/14 MP: 1/1
   516 | D:1      | Reached XP level 2. HP: 18/19 MP: 2/2
  1627 | D:1      | Reached XP level 3. HP: 24/24 MP: 3/3
  2134 | D:2      | Reached skill level 1 in Shields
  2486 | D:2      | Reached XP level 4. HP: 23/29 MP: 4/4
  2601 | D:2      | Reached skill level 4 in Maces & Flails
  2844 | D:2      | Found a faded altar of an unknown god.
  2848 | D:2      | Got Plato's Almanac of Creation
  4043 | D:3      | Found a burning altar of Makhleb.
  4043 | D:3      | Found a shadowy altar of Dithmenos.
  4044 | D:3      | Found a sacrificial altar of Ru.
  4319 | D:4      | Reached XP level 5. HP: 30/33 MP: 5/5
  4320 | D:4      | Noticed Grinder
  4361 | D:4      | Paralysed by Grinder for 6 turns
  4375 | D:4      | Paralysed by Grinder for 4 turns
  4387 | D:4      | Paralysed by Grinder for 5 turns
  4398 | D:4      | Killed Grinder
  4399 | D:4      | Reached skill level 5 in Maces & Flails
  4399 | D:4      | Reached XP level 6. HP: 39/39 MP: 6/6
  5065 | D:5      | Entered Level 5 of the Dungeon
  5094 | D:3      | Reached skill level 5 in Fighting
  5094 | D:3      | Reached XP level 7. HP: 22/44 MP: 7/7
  5650 | D:5      | Reached skill level 1 in Throwing
  6262 | D:5      | Reached skill level 6 in Maces & Flails
  6262 | D:5      | Reached skill level 5 in Shields
  6499 | D:5      | Reached XP level 8. HP: 50/50 MP: 8/8
  6528 | D:5      | Found Ekhlur's Antique Armour Boutique.
  6564 | D:5      | Found a glowing golden altar of the Shining One.
  7406 | D:6      | Found a staircase to the Ecumenical Temple.
  7513 | Temple   | Entered the Ecumenical Temple
  7680 | D:2      | Became a worshipper of Kikubaaqudgha
  7680 | D:2      | Reached * piety under Kikubaaqudgha
  7680 | D:2      | Received a gift from Kikubaaqudgha
  7680 | D:2      | Reached ** piety under Kikubaaqudgha
  7764 | D:6      | Fell from the grace of Kikubaaqudgha
  8014 | D:7      | Identified a scroll of acquirement
  8015 | D:7      | Acquired a manual of Maces & Flails
  8117 | D:7      | Reached skill level 7 in Maces & Flails
  8286 | D:7      | Reached skill level 1 in Necromancy
  8310 | D:7      | Found an iron altar of Okawaru.
  8387 | D:7      | Reached XP level 9. HP: 41/56 MP: 9/9
  8574 | D:7      | Reached skill level 8 in Maces & Flails
 10208 | D:8      | Reached skill level 1 in Evocations
 10486 | D:8      | Noticed Maggie
 10512 | D:8      | Killed Maggie
 10513 | D:8      | Reached skill level 9 in Maces & Flails
 10828 | D:8      | Reached XP level 10. HP: 52/64 MP: 10/10
 11347 | D:9      | Noticed a two-headed ogre
 11353 | D:9      | Noticed Erolcha
 11358 | D:9      | Killed a two-headed ogre
 11371 | D:8      | Killed Erolcha
 11451 | D:9      | Reached skill level 10 in Maces & Flails
 11962 | D:9      | Paralysed by a centaur for 3 turns
 12270 | D:9      | Found a white marble altar of Elyvilon.
 12283 | D:9      | Became a worshipper of Elyvilon the Healer
 12367 | D:9      | Found a staircase to the Lair.
 12473 | D:9      | Found Favaemedd's Assorted Antiques.
 12481 | D:9      | Bought a scroll of enchant weapon for 247 gold pieces
 12481 | D:9      | Bought a wooden wand for 132 gold pieces
 12594 | D:10     | Entered Level 10 of the Dungeon
 12596 | D:10     | Reached * piety under Elyvilon
 12613 | D:10     | Reached XP level 11. HP: 69/69 MP: 11/11
 12666 | D:10     | Found Sanudac's Jewellery Shop.
 13518 | D:10     | You fall into a shaft and drop 3 floors!
 13518 | D:13     | Noticed a centaur warrior
 13518 | D:13     | Noticed a boulder beetle
 13547 | D:14     | Noticed a centaur warrior
 13547 | D:14     | Noticed a tengu warrior
 13556 | D:13     | Killed a tengu warrior
 13557 | D:13     | Reached skill level 11 in Maces & Flails
 13557 | D:13     | Reached skill level 5 in Necromancy
 13565 | D:13     | Noticed a boulder beetle
 13580 | D:13     | Killed a boulder beetle
 13732 | D:13     | Killed a centaur warrior
 13745 | D:13     | Reached skill level 5 in Throwing
 13857 | D:13     | Killed a boulder beetle
 14318 | D:13     | Noticed a manticore
 14342 | D:13     | Elyvilon protects you from harm!
 14345 | D:13     | Mangled by a manticore

Illustrated notes

Levels and vault maps discovered:
D:1:      lemuel_arrival_river_ford, layout_basic, serial_bayou,
          serial_bayou_lagoon_b, serial_bayou_pond_c, serial_bayou_pond_c,
          serial_bayou_lake_a, serial_bayou_pond_e
D:2:      minmay_recursive_quarters, layout_loops_corners,
          shapermc_ecumenical_altar_rom_forum, minmay_misc_feat_rows
D:3:      layout_basic, gammafunk_temple_overflow_claw
D:4:      layout_rooms, sigmund_army, uniq_grinder
D:5:      layout_gridville, lemuel_doored_altar, serial_shops,
          nicolae_square_shop, kennysheep_generic_room_9
D:6:      old_forge, layout_rooms, minmay_temple_entry_butterflies
D:7:      layout_gridville, mainiacjoe_overflow_catwalk,
          minmay_tree_intersection
D:8:      layout_basic, uniq_maggie
D:9:      layout_cave_pools, mainiacjoe_overflow_small_starburst,
          due_lair_maze_entry_diamond, serial_shops, nicolae_shop_stone,
          uniq_erolcha
D:10:     layout_loops_ring, kennysheep_orc_monster_closet_entryway,
          serial_shops, nicolae_square_shop, evilmike_butchery
D:13:     layout_big_octagon, hangedman_vaults_entry_quadrant_bands
D:14:     layout_roguey, infiniplex_staircase_squiggle, due_unseen_surprise
Temple:   nicolae_temple_x_marks_the_god

Skill      XL: |  1  2  3  4  5  6  7  8  9 10 11 |
---------------+----------------------------------+-----
Shields        | 1 2 3 4 5 6 7 9 |  9.9
Fighting       | 4 5 6 7 8 |  8.9
Maces & Flails | 4 5 6 7 9 10 11 | 11.8
Throwing       | 1 2 3 4 5 |  5.1
Necromancy     | 1 3 4 5 |  5.7
Evocations     | 1 3 |  3.8
Dodging        | |  2.4
Stealth        | |  2.1

Action                   |  1- 3 |  4- 6 |  7- 9 | 10-12 || total
-------------------------+-------+-------+-------+-------++-------
Melee: Mace              |    73 |       |       |       ||    73
       Whip              |    43 |   176 |   521 |   436 ||  1176
Throw: Dart              |       |    16 |    58 |    14 ||    88
       Throwing net      |       |     1 |       |       ||     1
Invok: Renounce Religion |       |       |     1 |       ||     1
       Divine Protection |       |       |       |     1 ||     1
Evoke: Wand              |       |       |     3 |    10 ||    13
  Use: Scroll            |     2 |     1 |    16 |     9 ||    28
       Potion            |       |    12 |    10 |     9 ||    31
 Stab: Sleeping          |     3 |     8 |       |       ||    11
       Invisible         |       |     1 |     1 |       ||     2
       Held in net/web   |       |       |     3 |       ||     3
       Paralysed         |       |       |       |     4 ||     4
Armor: Robe              |    47 |    30 |       |       ||    77
       Ring mail         |       |    26 |       |       ||    26
       Plate armour      |       |     8 |   289 |   243 ||   540
       Skin              |       |     7 |       |       ||     7
Dodge: Dodged            |    42 |    26 |    56 |    88 ||   212
Block: Tower shield      |    57 |   112 |   366 |   356 ||   891
